Map: Blackburn LE

Players

Rail

  • Race: Protoss Protoss

MaxPax - Winner!

  • Race: Protoss Protoss

Event: DreamHack SC2 Masters 2021 Winter

VOD

Have the link to the VOD?

Description

Time

  • Played on: Oct. 8, 2021, 10:33 a.m.
  • Length: 5:07

All games in this series

Show
View Real Time Build Order
Export as new Build Order

Rail Protoss 

Build Orders: Proxy Void Ray 

Get SALT Encoding   

  12  0:01  Probe  
  13  0:13  Probe  
  14  0:18  Pylon  
  14  0:25  Probe (Chrono Boost)  
  15  0:37  Probe (Chrono Boost), Gateway  
  16  0:45  Probe (Chrono Boost)  
  16  0:46  Assimilator  
  17  0:51  Probe  
  18  1:03  Probe (Chrono Boost)  
  19  1:05  Assimilator  
  19  1:15  Probe (Chrono Boost)  
  20  1:20  Probe (Chrono Boost)  
  20  1:24  Pylon  
  20  1:25  Cybernetics Core  
  21  1:30  Probe  
  22  1:42  Zealot, Probe  
  25  1:54  Probe  
  26  2:01  Stargate  
  26  2:09  Stalker  
  26  2:10  Warp Gate  
  26  2:13  Pylon  
  28  2:22  Pylon  
  28  2:24  Shield Battery  
  28  2:36  Void Ray (Chrono Boost)  
  28  2:48  Gateway  
  32  2:54  Stalker  
  34  3:04  Pylon  
  34  3:06  Void Ray (Chrono Boost)  
  38  3:22  Shield Battery  
  38  3:29  Shield Battery  
  38  3:32  Probe  
  35  3:42  Void Ray  
  35  3:43  Shield Battery  
  39  4:02  Stalker  
  41  4:06  Shield Battery  
  41  4:18  Gateway  
  41  4:23  Stalker  
  43  4:26  Stalker  
  43  4:49  Stalker x2  
Show
View Real Time Build Order
Export as new Build Order

MaxPax Protoss - Winner!

Build Orders: 1 Gate Expand, Proxy Void Ray 

Get SALT Encoding   

  12  0:00  Probe  
  13  0:12  Probe  
  14  0:19  Pylon  
  14  0:24  Probe  
  15  0:37  Probe (Chrono Boost)  
  15  0:41  Gateway  
  16  0:47  Assimilator, Probe (Chrono Boost)  
  17  0:52  Probe (Chrono Boost)  
  18  1:04  Probe  
  19  1:21  Nexus  
  19  1:31  Cybernetics Core  
  19  1:34  Probe  
  20  1:40  Assimilator  
  20  1:46  Probe  
  21  1:50  Pylon  
  21  1:58  Probe  
  22  2:11  Probe  
  22  2:13  Stargate  
  23  2:23  Probe, Stalker  
  26  2:33  Probe  
  26  2:35  Shield Battery  
  26  2:38  Probe  
  27  2:48  Void Ray (Chrono Boost)  
  31  3:00  Shield Battery  
  31  3:04  Pylon  
  31  3:05  Probe  
  31  3:13  Forge  
  31  3:15  Void Ray (Chrono Boost), Probe  
  35  3:29  Probe  
  35  3:32  Probe  
  37  3:41  Probe  
  38  3:43  Shield Battery  
  38  3:44  Void Ray (Chrono Boost), Probe  
  43  3:56  Probe  
  44  4:04  Probe, Photon Cannon  
  44  4:08  Probe  
  46  4:13  Pylon  
  46  4:27  Void Ray (Chrono Boost)  
  46  4:28  Photon Cannon  
  46  4:31  Probe x2  
  52  4:43  Probe x2  
  54  4:59  Pylon  
  54  5:01  Assimilator  
  54  5:03  Assimilator  
  54  5:04  Stargate  

Tags
 
Add a new tag
Caveats
  • Supply blocks, unpowered buildings, or Contaminate may cause inaccurate times.
  • Supply counts are checked every 10 seconds.